 Dungeon Crawl Stone Soup version 0.20-a0-959-gdc9e609 (webtiles) character file.

197 Firecrotchwizard the Skirmisher (level 5, -1/54 HPs)
             Began as a Troll Monk on Apr 7, 2017.
             Slain by an ice beast (7 damage)
             ... on level 3 of the Dungeon.
             The game lasted 00:04:31 (2582 turns).

Firecrotchwizard the Skirmisher (Troll Monk)        Turns: 2582, Time: 00:04:32

Health: -1/54      AC:  6    Str: 19    XL:     5   Next: 46%
Magic:  4/4        EV: 10    Int:  6    God:
Gold:   122        SH:  0    Dex: 13    Spells: 4/4 levels left

rFire    . . .     SeeInvis .     - Unarmed
rCold    . . .     Gourm    +   (no shield)
rNeg     . . .     Faith    .   a - +0 robe
rPois    .         Spirit   .   (helmet restricted)
rElec    .         Reflect  .   l - +0 cloak
rCorr    .         Harm     .   (gloves unavailable)
MR       .....                  (boots unavailable)
Stlth    +.........             (no amulet)
Regen    0.6/turn               (no ring)
MPRegen  0.1/turn               (no ring)

@: flying, heavily drained
A: unfitting armour, claws 3, fast metabolism 3, gourmand, regeneration 1,
shaggy fur 1, tough skin 2
a: no special abilities


You were on level 3 of the Dungeon.
You were completely stuffed.

You visited 1 branch of the dungeon, and saw 4 of its levels.

You collected 122 gold pieces.

Inventory:

Armour
 a - a +0 robe (worn)
 l - a +0 cloak (worn)
Wands
 r - a wand of acid (5/15)
Scrolls
 c - 4 scrolls of identify {unknown}
 d - 2 scrolls of blinking {unknown}
 e - a scroll of noise {unknown}
 f - 5 scrolls of remove curse {unknown}
 j - 3 scrolls of teleportation {unknown}
 n - a scroll of enchant weapon {unknown}
 o - a scroll of immolation {unknown}
 q - 2 scrolls of enchant armour {unknown}
 u - a scroll of fog {unknown}
 v - a scroll of recharging {unknown}
 w - a scroll of random uselessness {unknown}
Potions
 g - 4 potions of flight
 i - a potion of curing {unknown}
 k - a potion of might {unknown}
 m - a potion of brilliance {unknown}
 p - a potion of haste {unknown}
 s - a potion of heal wounds {unknown}
Comestibles
 b - 4 bread rations
 h - a meat ration
 t - 3 fruits


   Skills:
 + Level 4.1(2.5) Fighting
 + Level 3.9(2.2) Dodging
 - Level 2.1(0.6) Stealth
 * Level 3.4(1.7) Unarmed Combat


You had 4 spell levels left.
You didn't know any spells.

Dungeon Overview and Level Annotations

Branches:
Dungeon (4/15)
 Temple: D:4-7

Altars:
Nemelex Xobeh
Trog

Annotations:
D:4 Ijyb


Innate Abilities, Weirdness & Mutations

You are too large for most types of armour.
You have claws for hands.
Your metabolism is lightning-fast.
You like to eat raw meat.
Your natural rate of healing is unusually fast.
You are covered in fur. (AC +1)
You have very tough skin. (AC +2)


Message History

The ooze closely misses you.
You climb upwards.
There is a stone staircase leading down here.
You scratch the ooze.
You kill the ooze!
The ice beast hits you.
* * * LOW HITPOINT WARNING * * *
The ice beast freezes you!
* * * LOW HITPOINT WARNING * * *
You bump into the rock wall.
You feel less confused. The ice beast closely misses you.
You scratch the ice beast but do no damage.
The ice beast hits you but does no damage.
It was a potion of flight.
You feel very buoyant.
You fly up into the air.
The ice beast hits you.
* * * LOW HITPOINT WARNING * * *
The ice beast freezes you!
You die...

# #.....# #
#.....########
#
#............#
#............#
#............#
#.........(..#
#............#
#............#
####.@Y......#
###########


You could see an ice beast.

Vanquished Creatures
  Natasha (thrice) (D:2)
  3 adders
  2 oozes (D:3)
  A worm (D:2)
  6 dart slugs
  2 orcs (D:3)
  3 ball pythons
  3 giant cockroaches (D:1)
  8 goblins
  10 hobgoblins
  6 jackals
  6 kobolds
  A quokka (D:3)
  7 bats
  A frilled lizard (D:1)
  9 rats
71 creatures vanquished.

Notes
Turn   | Place    | Note
-------+----------+-------------------------------------------
     0 | D:1      | Firecrotchwizard the Troll Monk began the quest for the Orb.
     0 | D:1      | Reached XP level 1. HP: 23/23 MP: 0/0
   156 | D:1      | Reached skill level 1 in Unarmed Combat
   159 | D:1      | Reached XP level 2. HP: 27/31 MP: 1/1
   400 | D:1      | Reached XP level 3. HP: 35/37 MP: 2/2
   980 | D:2      | Noticed Natasha
   990 | D:2      | Killed Natasha
   990 | D:2      | Reached XP level 4. HP: 41/46 MP: 3/3
  1321 | D:2      | Noticed Natasha
  1328 | D:2      | Killed Natasha
  1419 | D:2      | Found a bloodstained altar of Trog.
  1546 | D:2      | Noticed Natasha
  1554 | D:2      | Reached XP level 5. HP: 51/54 MP: 4/4
  1564 | D:2      | Killed Natasha
  1564 | D:2      | Reached skill level 4 in Fighting
  2208 | D:3      | Found a sparkling altar of Nemelex Xobeh.
  2549 | D:4      | Noticed Ijyb
  2555 | D:4      | Noticed an ice beast
  2582 | D:3      | Slain by an ice beast

Vault maps used:
D:1:      onia_arrival_mini_maze_b
D:2:      trog_book, uniq_natasha
D:3:      lemuel_upstairs_altar, nemelex_lonely_heart_becter
D:4:      serial_shops, shop_fountains, st_stairs_9, uniq_iyjb

Skill      XL: |  1  2  3  4  5 |
---------------+----------------+-----
Unarmed Combat | 1 2 3 |  3.4
Fighting       | 4 |  4.1
Dodging        | |  3.9
Stealth        | |  2.1

Action                   |  1- 3 |  4- 6 || total
-------------------------+-------+-------++-------
Melee: Unarmed           |   117 |   111 ||   228
  Use: Potion            |       |     1 ||     1
 Stab: Sleeping          |     9 |     5 ||    14
  Eat: Chunk             |    15 |    14 ||    29
Armor: Robe              |    38 |    51 ||    89
Dodge: Dodged            |    52 |    82 ||   134
